AoeStats
← [Massa] Edo

Arena

503941750Analyzed
2v2 RM · 29d ago on Sep 3, 2026· 44m 51s· 4 players
Game mode
Random Map
Map size
Medium (4 player)
Population
200
Speed
Normal
Resources
Standard
Victory
Conquest
Starting age
Dark Age
Ending age
Imperial Age
RankedLock teamsTeams togetherTeam positionsShared explorationLock speedFull tech treeHidden civsTurbo modeCheats
Victory
Defeat
🇧🇷 Cumans · Brazil
1422
+15
🇧🇷 Portuguese · Brazil
1407
+15
🇨🇴 Armenians · Colombia
1401
-15
🇺🇸 Hindustanis · United States
1392
-15
John Wolfgang
10:38 Feudal Age
14:40 Castle Age
12:43 Double-Bit Axe
13:37 Loom
32:21 Horse Collar
33:56 Bow Saw
34:45 Heavy Plow
40:41 Wheelbarrow
41:42 Gold Mining
42:55 Hand Cart
43:30 Gold Shaft Mining
43:53 Hand Cart
MrGodly0708
10:33 Feudal Age
14:34 Castle Age
12:54 Double-Bit Axe
13:13 Horse Collar
15:30 Bow Saw
15:20 Heavy Plow
19:38 Gold Mining
22:12 Scale Mail Armor
22:22 Forging
26:30 Chain Mail Armor
26:50 Iron Casting
30:30 Imperial Age
29:02 Wheelbarrow
28:49 Padded Archer Armor
31:49 Shatagni
33:13 Chemistry
33:43 Hand Cart
34:25 Leather Archer Armor
38:45 Scale Barding Armor
40:12 Chain Barding Armor
40:27 Iron Casting
39:31 Light Cavalry
40:12 Husbandry
40:22 Bloodlines
42:04 Plate Barding Armor
41:00 Hussar
42:56 Conscription
44:10 Blast Furnace
[Massa] Edo
6:17 Loom
9:03 Feudal Age
9:41 Double-Bit Axe
11:28 Fletching
22:47 Horse Collar
29:04 Castle Age
27:19 Gold Mining
30:17 Wheelbarrow
30:58 Bow Saw
35:12 Scale Barding Armor
37:12 Chain Barding Armor
37:19 Heavy Plow
37:41 Forging
38:08 Gold Shaft Mining
39:18 Iron Casting
43:01 Imperial Age
40:49 Bloodlines
41:27 Iron Casting
41:42 Hand Cart
41:57 Light Cavalry
43:01 Cavalier
44:07 Conscription
44:36 Plate Barding Armor
45:24 Blast Furnace
45:52 Two-Man Saw
45:23 Crop Rotation
tg
10:13 Feudal Age
14:06 Castle Age
12:30 Double-Bit Axe
13:22 Horse Collar
14:38 Scale Barding Armor
23:18 Wheelbarrow
24:17 Heavy Plow
24:28 Bow Saw
24:07 Loom
26:25 Hand Cart
28:12 Gold Mining
28:12 Stone Mining
32:05 Imperial Age
30:07 Town Watch
30:14 Fletching
31:11 Stone Shaft Mining
31:59 Bodkin Arrow
32:48 Chain Barding Armor
32:30 Padded Archer Armor
32:45 Bloodlines
32:36 Husbandry
34:43 Chemistry
33:46 Arquebus
34:06 Conscription
35:06 Two-Man Saw
34:37 Crop Rotation
34:29 Treadmill Crane
34:54 Siege Engineers
35:09 Husbandry
35:19 Bloodlines
35:20 Bracer
36:01 Crossbowman
36:46 Thumb Ring
36:58 Leather Archer Armor
38:42 Arbalester
38:44 Light Cavalry
42:08 Masonry
43:20 Guard Tower
44:01 Architecture
44:55 Ballistics
45:34 Ring Archer Armor
45:39 Plate Barding Armor
Connection lost

Rejoining the realm…

Still unreachable

The connection could not be restored.

Session expired

The server has moved on; the page needs a fresh start.